 Dungeon Crawl Stone Soup version 0.27-a0-978-g2aa4ecdaef (webtiles) character file.

Game seed: 9047050444717117341

1299 tardwrangler69 the Geomancer (level 8, -8/57 HPs)
             Began as a Yellow Draconian Earth Elementalist on Apr 14, 2021.
             Was a Follower of Vehumet.
             Killed from afar by a steam dragon (10 damage)
             ... with a ball of steam
             ... on level 6 of the Dungeon.
             The game lasted 00:05:00 (6317 turns).

tardwrangler69 the Geomancer (DrEE)                 Turns: 6317, Time: 00:05:01

Health: -8/57      AC:  6    Str: 11    XL:     8   Next: 31%
Magic:  10/16      EV: 12    Int: 18    God:    Vehumet [*.....]
Gold:   191        SH:  0    Dex: 11    Spells: 14/18 levels left

rFire    . . .     SeeInvis .   f - +3 short sword
rCold    . . .     Faith    .   (no shield)
rNeg     . . .     Spirit   .   (armour unavailable)
rPois    .         Reflect  .   (helmet restricted)
rElec    .         Harm     .   (no cloak)
rCorr    +         Rampage  .   (no gloves)
Will     .....                  (no boots)
Stlth    ++........             (no amulet)
HPRegen  0.19/turn              (no ring)
MPRegen  0.15/turn              (no ring)

@: no status effects
A: spit acid, AC +6, unfitting armour, cold-blooded, acid resistance
a: Breathe Acid, Renounce Religion


You were on level 6 of the Dungeon.
You worshipped Vehumet.
Vehumet was aware of your devotion.
You visited 2 branches of the dungeon, and saw 7 of its levels.

You collected 191 gold pieces.

Inventory:

Hand Weapons
 f - a +3 short sword (weapon)
Missiles
 b - 159 stones
Wands
 s - a wand of polymorph (6)
Scrolls
 h - 2 scrolls of enchant armour {unknown}
 i - 3 scrolls of teleportation {unknown}
 k - 6 scrolls of identify {unknown}
 l - a scroll of vulnerability {unknown}
 m - 2 scrolls of noise {unknown}
 n - a scroll of summoning {unknown}
 p - 2 scrolls of fear {unknown}
 q - 3 scrolls of enchant weapon {unknown}
 v - 3 scrolls of magic mapping {unknown}
 w - a scroll of fog {unknown}
Potions
 a - a potion of lignification {unknown}
 c - 3 potions of ambrosia {unknown}
 d - a potion of magic {unknown}
 e - 3 potions of mutation {unknown}
 g - 2 potions of haste {unknown}
 j - 4 potions of curing {unknown}
 o - a potion of degeneration {unknown}
 r - a potion of cancellation {unknown}
 t - 2 potions of attraction {unknown}
 u - a potion of heal wounds {unknown}


   Skills:
 - Level 1.7 Dodging
 - Level 1.7 Stealth
 + Level 5.5 Spellcasting
 * Level 1.9 Conjurations
 - Level 1.0 Transmutations
 * Level 8.6 Earth Magic


You had 14 spell levels left.
You knew the following spells:

 Your Spells              Type           Power      Damage    Failure   Level
a - Sandblast             Erth           72%        2d16      1%          1
b - Stone Arrow           Conj/Erth      48%        3d10      4%          3

Your spell library contained the following spells:

 Spells                   Type           Power      Damage    Failure   Level
 Freeze                   Ice            16%        1d4       13%         1
 Passwall                 Tmut/Erth      18%        N/A       2%          2
 Lee's Rapid Deconstruct  Erth           18%        3d12*     10%         5
 Petrify                  Tmut/Erth      22%        N/A       17%         4


Dungeon Overview and Level Annotations

Branches:
Dungeon (6/15)             Temple (1/1) D:4

Altars:
Ashenzari
Cheibriados
Dithmenos
Elyvilon
Fedhas
Hepliaklqana
Kikubaaqudgha
Makhleb
Okawaru
Qazlal
Ru
Sif Muna
Trog
Uskayaw
Vehumet
Wu Jian
Xom
Yredelemnul
Zin
The Shining One


Innate Abilities, Weirdness & Mutations

You can spit globs of acid.
Your golden yellow scales are hard. (AC +6)
You cannot fit into any form of body armour.
You are cold-blooded and may be slowed by cold attacks.
You are resistant to acid. (rCorr)


Message History

The ball of steam misses you.
A wight comes into view. It is wielding a +0 battleaxe.
A wight comes into view. It is wielding a +1 trident.
A wight comes into view. It is wielding a +2 scimitar.
The kobold moves out of view.
Found 19 gold pieces.
You're standing in a cloud of steam!
Okay, then.
Unknown command.
You are no longer corroded.
You feel sick.
A wight comes into view. It is wielding a +0 war axe.
Found a scroll labelled ESITTA YNANN.
You feel sick.
You feel sick.
A wight opens the large door.
You feel sick.
You are no longer poisoned.
The steam dragon breathes steam at you. The ball of steam hits you!
* * * LOW HITPOINT WARNING * * *
You are engulfed in a cloud of scalding steam.
* * * LOW HITPOINT WARNING * * *
You are engulfed in a cloud of scalding steam.
* * * LOW HITPOINT WARNING * * *
You open the door.
A kobold brigand comes into view.
It is wielding a +0 short sword and quivering poisoned darts.
The kobold brigand shouts!
A kobold comes into view. It is wielding a +0 dagger of venom.
There is an open door here.
A gnoll comes into view. It is wielding a +0 club.
You see here an iguana corpse.
The kobold brigand throws a poisoned dart.
The poisoned dart barely misses you.
The kobold throws a stone.
The stone hits you but does no damage.
There is a stone staircase leading up here.
The kobold brigand throws a poisoned dart.
The poisoned dart closely misses you. The steam dragon breathes steam at you.
The ball of steam hits you!
You die...

.....§... .......§#
.....§.§# ...§§.§.#
...§.§..# ###### ..
........#+#####....# ...
######'z.D§..z..##+####...
.....'..zz.##.z......g...
....##.....##D#@.....K...
....
............#.#§...K.......
..K .
..#.....#.#.D............
... ..
#.?.....###........... .. .
+.................... ..
####.............^.### #.
.........#.......######.
>........'......)'.§.)).
#........#.....s.#######


You could see a steam dragon (catching breath), a kobold brigand, 2 wights, a
gnoll (wandering) and a kobold.

Vanquished Creatures
  A water moccasin (D:5)
  2 sky beasts
  An ice beast (D:6)
  An ogre (D:4)
  A phantom (D:2)
  2 scorpions (D:5)
  3 water moccasin skeletons
  A bullfrog zombie (D:6)
  A gnoll shaman (D:6)
  A hound (D:4)
  2 jellies (D:6)
  A bullfrog skeleton (D:5)
  3 iguanas
  Ijyb (D:3)
  7 adders
  11 gnolls
  An orc (D:5)
  5 endoplasms
  5 giant cockroaches
  7 goblins
  8 hobgoblins
  3 jackals
  3 quokkas
  5 ball pythons
  5 bats (D:1)
  A frilled lizard (D:3)
  6 kobolds
  8 rats
96 creatures vanquished.

Notes
Turn   | Place    | Note
-------+----------+-------------------------------------------
     0 | D:1      | tardwrangler69 the Draconian Earth Elementalist began the
                  | quest for the Orb.
     0 | D:1      | Reached XP level 1. HP: 14/14 MP: 3/3
   350 | D:1      | Found a faded altar of an unknown god.
   443 | D:1      | Reached XP level 2. HP: 11/18 MP: 5/5
   955 | D:1      | Reached XP level 3. HP: 19/26 MP: 6/6
  1331 | D:2      | Noticed a phantom
  1344 | D:2      | Killed a phantom
  1345 | D:2      | Reached skill level 4 in Earth Magic
  1345 | D:2      | Reached XP level 4. HP: 22/33 MP: 0/8
  1847 | D:2      | Reached skill level 5 in Earth Magic
  1879 | D:2      | Reached XP level 5. HP: 30/38 MP: 9/9
  2473 | D:3      | Noticed a sky beast
  2490 | D:3      | Killed a sky beast
  2491 | D:3      | Reached skill level 6 in Earth Magic
  2491 | D:3      | Reached XP level 6. HP: 20/45 MP: 3/11
  3008 | D:3      | Noticed Ijyb
  3017 | D:3      | Killed Ijyb
  3555 | D:4      | Found a staircase to the Ecumenical Temple.
  3567 | Temple   | Entered the Ecumenical Temple
  3673 | Temple   | Became a worshipper of Vehumet
  4094 | D:4      | Your scales start taking on a golden yellow colour.
  4094 | D:4      | Reached XP level 7. HP: 50/50 MP: 10/13
  4094 | D:4      | Gained mutation: You are resistant to acid. (rCorr) [Yellow
                  | Draconian growth]
  4492 | D:4      | Found a shadowy altar of Dithmenos.
  4499 | D:4      | Found a glowing silver altar of Zin.
  4502 | D:4      | Found an iron altar of Okawaru.
  4504 | D:4      | Found a snail-covered altar of Cheibriados.
  4863 | D:5      | Entered Level 5 of the Dungeon
  4979 | D:5      | Reached skill level 7 in Earth Magic
  5523 | D:5      | Reached skill level 5 in Spellcasting
  5643 | D:5      | Reached skill level 8 in Earth Magic
  6170 | D:6      | Reached XP level 8. HP: 50/57 MP: 15/15
  6200 | D:5      | Learned a level 3 spell: Stone Arrow
  6268 | D:6      | Reached * piety under Vehumet
  6268 | D:6      | Offered knowledge of Freeze by Vehumet.
  6280 | D:6      | Reached skill level 1 in Conjurations
  6310 | D:6      | HP: 1/57 [something] (4)]
  6317 | D:6      | Killed from afar by a steam dragon

Illustrated notes

Levels and vault maps discovered:
D:1:      dpeg_arrival_pits, layout_loops_cross,
          hellmonk_ecumenical_altar_crossroads, corexii_item_surrounded_by_moat,
          nrook_campfire, st_stairs_6, corexii_item_surrounded_by_moat,
          hangedman_decor_growths
D:2:      layout_basic
D:3:      layout_loops_ring, portal_sewer_entry_c, minmay_quantized, uniq_ijyb
D:4:      layout_loops_ring, minitemple, minmay_temple_entry_mini_moons,
          serial_rivers, chequers_serial_rivers_room_a,
          chequers_serial_rivers_large_a, chequers_serial_rivers_small_a,
          chequers_serial_rivers_micro_d, minmay_pentomino_pile
D:5:      layout_loops_ring
D:6:      layout_basic
Temple:   lightli_temple_of_artemis

Skill      XL: |  1  2  3  4  5  6  7  8 |
---------------+-------------------------+-----
Spellcasting   | 3 4 5 |  5.5
Earth Magic    | 4 5 6 8 |  8.6
Conjurations   | 1 |  1.9
Dodging        | |  1.7
Stealth        | |  1.7
Transmutations | |  1.0

Action                   |  1- 3 |  4- 6 |  7- 9 || total
-------------------------+-------+-------+-------++-------
Melee: Unarmed           |    51 |       |       ||    51
       Short sword       |    41 |   116 |    83 ||   240
       Tailslap          |     7 |    10 |     9 ||    26
       Dagger            |     4 |       |       ||     4
 Cast: Sandblast         |     9 |    47 |    26 ||    82
 Abil: Breathe Acid      |       |       |     1 ||     1
 Stab: Sleeping          |     1 |     6 |     2 ||     9
Armor: Skin              |    54 |    34 |    25 ||   113
Dodge: Dodged            |    82 |    94 |    60 ||   236

Table legend: (Time is in decaauts)
 A = Elapsed time spent in this place.
 B = Non-inter-level travel time spent in this place.
 C = Inter-level travel time spent in this place.
 D = Time resting spent in this place.
 E = Time spent auto-exploring this place.
 F = Levels seen in this place.
 G = Mean time per level.
                   A        B        C        D        E       F      G
               +--------+--------+--------+--------+--------+-----+--------+
         Total |   6362 |   6191 |    171 |     10 |   5421 |   7 |  908.9 |
       Dungeon |   6241 |   6084 |    157 |     10 |   5320 |   6 | 1040.2 |
        Temple |    120 |    106 |     14 |      0 |    101 |   1 |  120.0 |
               +--------+--------+--------+--------+--------+-----+--------+

Top non-repeatable levels by time:
     D:4: 1391 daAuts
     D:5: 1345 daAuts
     D:1: 1333 daAuts
     D:3: 1202 daAuts
     D:2: 852 daAuts
  Temple: 120 daAuts
     D:6: 116 daAuts
